 Dungeon Crawl Stone Soup version 0.30.0-20-g3b4254fcbd (webtiles) character file.

Game seed: 6242770067777922246

150 cheesebisquit the Digger (level 5, -1/30 HPs)
             Began as a Gargoyle Earth Elementalist on June 2, 2023.
             Shot with an arrow by a centaur (7 damage)
             ... on level 4 of the Dungeon.
             The game lasted 00:07:23 (3228 turns).

cheesebisquit the Digger (GrEE)                     Turns: 3228, Time: 00:07:24

Health: -1/30      AC:  9    Str: 11    XL:     5   Next: 32%
Magic:  6/9        EV: 12    Int: 18    God:
Gold:   184        SH:  0    Dex: 10    Spells: 3/9 levels left

rFire   . . .        e - +0 morningstar
rCold   . . .        (no shield)
rNeg    + + .        a - +0 robe
rPois   ∞            (no helmet)
rElec   +            (no cloak)
rCorr   .            (no gloves)
SInv    .            k - +2 pair of boots
Will    .....        (no amulet)
Stlth   ++           o - ring of positive energy
HPRegen 0.25/turn    (no ring)
MPRegen 0.11/turn

%: no passive effects
@: no status effects
A: sickness immunity, AC +4, negative energy resistance 1, electricity
resistance, torment resistance 1, petrification resistance
a: no special abilities


You were on level 4 of the Dungeon.
You visited 1 branch of the dungeon, and saw 4 of its levels.

You collected 184 gold pieces.

Inventory:

Hand Weapons
 e - a +0 morningstar (weapon)
 q - a +1 hand axe of flaming
Missiles
 h - 7 poisoned darts
Armour
 a - a +0 robe (worn)
 k - a +2 pair of boots (worn)
 m - a +0 kite shield
 p - an orb of light
Jewellery
 o - a ring of positive energy (left hand)
Wands
 b - a wand of roots (8)
Scrolls
 f - 3 scrolls of poison {unknown}
 i - a scroll of brand weapon {unknown}
 n - a scroll of torment {unknown}
Potions
 c - a potion of ambrosia {unknown}
 d - 2 potions of lignification {unknown}
 g - a potion of curing {unknown}
 j - 2 potions of brilliance {unknown}
 l - 2 potions of mutation {unknown}


   Skills:
 - Level 2.0 Fighting
 - Level 2.0 Armour
 - Level 2.0 Dodging
 - Level 3.0 Stealth
 + Level 2.8 Spellcasting
 - Level 0.7 Transmutations
 + Level 4.6 Earth Magic


You had 3 spell levels left.
You knew the following spells:

 Your Spells              Type           Power      Damage    Failure   Level
a - Sandblast             Erth           38%        2d10      2%          1
b - Passwall              Tmut/Erth      10%        N/A       9%          2
c - Stone Arrow           Conj/Erth      20%        3d8       19%         3

Your spell library contained the following spells:

 Spells                   Type           Power      Damage    Failure   Level
 Petrify                  Tmut/Erth      12%        N/A       50%         4


Dungeon Overview and Level Annotations

Branches:
Dungeon (4/15)
 Temple: D:4-7

Altars:

Shops:
D:1 [

Annotations:
D:3 3 runed translucent doors, superbruh's ghost, weakling KoEn
D:4 Pikel


Innate Abilities, Weirdness & Mutations

You are immune to sickness and miasma.
Your stone body is resilient. (AC +4)
You are immune to poison.
You resist negative energy. (rN+)
You are resistant to electric shocks. (rElec)
You are resistant to unholy torment.
You are immune to petrification.


Message History

There is a stone staircase leading down here.
Magic restored.
There is a stone staircase leading down here.
You climb downwards.
Level annotation: Pikel
Found 3 gold pieces.
There is a stone staircase leading up here.
You can't see any susceptible monsters within range! (Use Z to cast anyway.)
The hobgoblin shouts!
The blast of sand hits the hobgoblin!
You kill the hobgoblin!
Magic restored.
You now have 184 gold pieces (gained 3).
There is a stone staircase leading up here.
A centaur comes into view.
A kobold comes into view. It is wielding a +0 short sword.
Aiming: Sandblast (safe; 2% risk of failure)
Press: ? - help, Q - select action, (/) - cycle Shift-Dir - straight line, f - centaur
Aim: a centaur (asleep, 100% to hit)
The blast of sand hits the centaur but does no damage.
The centaur shouts!
The centaur wields a +0 shortbow.
The centaur shoots an arrow.
The arrow hits you.
The centaur shoots an arrow.
The arrow hits you.
Aiming: Sandblast (safe; 2% risk of failure)
Press: ? - help, Q - select action, (/) - cycle Shift-Dir - straight line, f/p - centaur
Aim: a centaur, wielding a +0 shortbow (89% to hit)
The blast of sand hits the centaur.
The centaur is moderately wounded.
The kobold shouts!
The kobold throws a stone.
The stone closely misses you.
The centaur shoots an arrow.
The arrow hits you.
Aiming: Sandblast (safe; 2% risk of failure)
Press: ? - help, Q - select action, (/) - cycle Shift-Dir - straight line, f/p - centaur
Aim: a centaur, wielding a +0 shortbow (moderately wounded, 89% to hit)
The blast of sand hits the centaur.
The centaur is moderately wounded.
The centaur shoots an arrow.
The arrow hits you!
* * * LOW HITPOINT WARNING * * *
The centaur shoots an arrow.
The arrow hits you!
You die...

#######
#.....#
#.....+
#.....#
#.....+
#....c#
#.....#
#..K.@#
......#.# ##
......#.# .#
#####.#.# .#
#.#.# .#
#.#.# .#
#.#.# .#
#.#.# .#
.########.#.#


You could see a centaur and a kobold.

Vanquished Creatures
  A jelly (D:3)
  4 gnolls (D:3)
  An adder (D:2)
  A worm (D:2)
  3 dart slugs
  3 orcs
  6 ball pythons
  3 endoplasms
  5 giant cockroaches
  8 goblins
  3 hobgoblins
  6 quokkas
  3 bats
  3 frilled lizards (D:1)
  3 kobolds
  2 rats (D:1)
55 creatures vanquished.

Notes
Turn   | Place    | Note
-------+----------+-------------------------------------------
     0 | D:1      | cheesebisquit the Gargoyle Earth Elementalist began the
                  | quest for the Orb.
     0 | D:1      | Reached XP level 1. HP: 10/10 MP: 3/3
   242 | D:1      | Found Loon's Armour Emporium.
   311 | D:1      | Reached XP level 2. HP: 15/15 MP: 3/5
   339 | D:1      | Reached skill level 4 in Earth Magic
   766 | D:1      | Reached XP level 3. HP: 20/20 MP: 4/6
  2124 | D:3      | Reached skill level 1 in Fighting
  2124 | D:3      | Reached skill level 1 in Armour
  2143 | D:2      | Reached XP level 4. HP: 23/25 MP: 1/7
  2404 | D:3      | Reached XP level 5. HP: 30/30 MP: 2/8
  2958 | D:3      | Found a runed translucent gate.
  2959 | D:3      | Noticed a kobold brigand
  2960 | D:3      | Found a runed translucent gate.
  2961 | D:3      | Noticed superbruh's ghost (weakling KoEn)
  2962 | D:3      | Found a runed translucent gate.
  3088 | D:4      | Learned a level 2 spell: Passwall
  3092 | D:4      | Learned a level 3 spell: Stone Arrow
  3131 | D:4      | Noticed a lemure
  3132 | D:4      | Noticed a lemure
  3132 | D:4      | Noticed Pikel
  3222 | D:4      | Noticed a centaur
  3228 | D:4      | Shot with an arrow by a centaur

Illustrated notes

Levels and vault maps discovered:
D:1:      minmay_arrival_four_houses, layout_loops_corners, serial_shops, shop
D:2:      layout_basic, grunt_decor_mini_mirrors
D:3:      layout_basic, gammafunk_ghost_nasty_kobolds
D:4:      layout_basic, serial_shops, nicolae_shop_hallway_stairs,
          nicolae_shop_clearance, uniq_pikel

Skill      XL: |  1  2  3  4 |
---------------+-------------+-----
Earth Magic    | 4 |  4.6
Fighting       | 1 2 |  2.0
Armour         | 1 2 |  2.0
Dodging        | 2 |  2.0
Stealth        | 3 |  3.0
Spellcasting   | |  2.8
Transmutations | |  0.7

Action                     |  1- 3 |  4- 6 || total
---------------------------+-------+-------++-------
  Melee: Falchion          |     4 |       ||     4
   Cast: Sandblast         |    57 |    41 ||    98
    Use: Potion            |     1 |       ||     1
 Armour: Robe              |    14 |     9 ||    23
  Dodge: Dodged            |    36 |    13 ||    49
